 Dungeon Crawl Stone Soup version 0.26-a0-639-g72c4674329 (webtiles) character file.

Game seed: 11458026930149108768

506 Peloso the Slasher (level 6, -9/48 HPs)
             Began as a Demonspawn Fighter on Sept 17, 2020.
             Killed by divine providence
             ... invoked by an orc priest
              (12 damage)
             ... on level 4 of the Dungeon.
             The game lasted 00:05:44 (2549 turns).

Peloso the Slasher (Demonspawn Fighter)             Turns: 2549, Time: 00:05:44

Health: -9/48      AC: 16    Str: 18    XL:     6   Next: 97%
Magic:  15/15      EV:  8    Int:  9    God:
Gold:   114        SH:  9    Dex: 13    Spells: 5/5 levels left

rFire    . . .     SeeInvis .   a - +0 long sword
rCold    . . .     Faith    .   c - +0 kite shield
rNeg     . . .     Spirit   .   b - +0 scale mail
rPois    .         Reflect  .   (no helmet)
rElec    .         Harm     .   (no cloak)
rCorr    .         Rampage  .   (no gloves)
MR       .....                  (no boots)
Stlth    ..........             k - amulet of regeneration
HPRegen  0.56/turn              f - ring of magical power
MPRegen  0.14/turn              (no ring)

@: mighty, sanguine armour
A: rot immunity, sanguine armour 2
a: no special abilities


You were on level 4 of the Dungeon.
You visited 1 branch of the dungeon, and saw 4 of its levels.

You collected 114 gold pieces.

Inventory:

Hand Weapons
 a - a +0 long sword (weapon)
Missiles
 i - 14 bolts
Armour
 b - a +0 scale mail (worn)
 c - a +0 kite shield (worn)
Jewellery
 f - a ring of magical power (left hand)
 k - an amulet of regeneration (around neck)
Wands
 r - a wand of digging (3)
Scrolls
 e - a scroll of enchant armour {unknown}
 g - 3 scrolls of remove curse {unknown}
 h - 2 scrolls of fog {unknown}
 j - a scroll of noise {unknown}
 l - a scroll of blinking {unknown}
 o - 3 scrolls of magic mapping {unknown}
 p - a scroll of teleportation {unknown}
 q - 3 scrolls of identify {unknown}
 t - a scroll of random uselessness {unknown}
Potions
 m - a potion of invisibility {unknown}
 n - a potion of degeneration {unknown}
 s - a potion of flight {unknown}
 u - a potion of berserk rage {unknown}
 v - a potion of curing {unknown}


   Skills:
 + Level 3.9 Fighting
 + Level 4.4 Long Blades
 + Level 4.1 Armour
 + Level 1.6 Dodging
 + Level 0.1 Stealth
 + Level 3.8 Shields


You had 5 spell levels left.
You didn't know any spells.
Your spell library was empty.

Dungeon Overview and Level Annotations

Branches:
Dungeon (4/15)
 Temple: D:4-7

Altars:


Innate Abilities, Weirdness & Mutations

You are immune to rotting.
When seriously injured, your bleeding wounds create thick armour. (AC +9)


Message History

Your Armour skill increases to level 4!
You block the frilled lizard's attack. The orc hits you but does no damage.
The orc priest begins to cast a cantrip, but forgets the words!
Unknown command.
You barely miss the orc. You block the frilled lizard's attack.
The orc priest looks satisfied for a moment.
The orc barely misses you.
You riposte.
You closely miss the orc.
Unknown command.
You slash the orc!
You kill the orc!
The frilled lizard bites you but does no damage.
You block the frilled lizard's attack.
You closely miss the orc priest.
The orc priest mumbles some strange prayers to Beogh against you.
Beogh smites you!
* * * LOW HITPOINT WARNING * * *
The frilled lizard bites you but does no damage.
The orc priest invokes the aid of Beogh against you.
Beogh smites you!
You die...

#.#
#...##.## #
#... ...# .#
... #o.# .#
..# #..# .#
#.# #..#.#
#.# #...##
#o###.##.##
#.@lo.....##
####.......#
#...####.#
##### ##


You could see an orc priest, an orc and a frilled lizard.

Vanquished Creatures
  A hippogriff (D:4)
  Sigmund (D:3)
  A howler monkey (D:3)
  Ijyb (D:3)
  2 adders
  An ooze (D:2)
  A worm (D:2)
  9 orcs
  4 giant cockroaches
  A goblin (D:2)
  5 hobgoblins
  8 jackals
  4 quokkas
  2 ball pythons
  8 bats
  3 frilled lizards
  3 kobolds
  5 rats
60 creatures vanquished.

Notes
Turn   | Place    | Note
-------+----------+-------------------------------------------
     0 | D:1      | Peloso the Demonspawn Fighter began the quest for the Orb.
     0 | D:1      | Reached XP level 1. HP: 18/18 MP: 1/1
   226 | D:1      | Gained mutation: When seriously injured, your bleeding
                  | wounds create armour. (AC +9) [demonic ancestry]
   226 | D:1      | Reached XP level 2. HP: 21/24 MP: 2/2
   935 | D:2      | Gained mutation: You are immune to rotting. [demonic
                  | ancestry]
   935 | D:2      | Reached XP level 3. HP: 29/29 MP: 3/3
  1043 | D:2      | Found a faded altar of an unknown god.
  1856 | D:3      | Noticed Sigmund
  1889 | D:3      | HP: 1/43 [something/puff of flame (6)]
  1890 | D:3      | Killed Sigmund
  1890 | D:3      | Reached skill level 1 in Dodging
  1890 | D:3      | Reached XP level 4. HP: 2/37 MP: 4/4
  1890 | D:3      | Gained mutation: When seriously injured, your bleeding
                  | wounds create thick armour. (AC +9) [demonic ancestry]
  1890 | D:3      | Reached XP level 5. HP: 2/42 MP: 5/5
  2004 | D:3      | Noticed Ijyb
  2022 | D:3      | Killed Ijyb
  2022 | D:3      | Reached XP level 6. HP: 48/48 MP: 6/6
  2531 | D:4      | Noticed a hippogriff
  2546 | D:4      | Killed a hippogriff
  2549 | D:4      | Killed from afar by an orc priest

Illustrated notes

Levels and vault maps discovered:
D:1:      minmay_arrival_five_plusses, layout_loops_ring
D:2:      layout_loops_ring, chequers_ecumenical_altar_simple_redux,
          minmay_tetromino_s2
D:3:      layout_basic, nrook_campfire, uniq_ijyb, uniq_sigmund
D:4:      layout_loops_ring, lemuel_doored_altar, overflow_temple_1_default,
          gammafunk_ghost_mausoleum, bh_walls_and_bars, uniq_blork_the_orc

Skill      XL: |  1  2  3  4  5  6 |
---------------+-------------------+-----
Shields        | 3 |  3.8
Armour         | 3 4 |  4.1
Long Blades    | 2 3 4 |  4.4
Dodging        | 1 |  1.6
Fighting       | |  3.9
Stealth        | |  0.1

Action                   |  1- 3 |  4- 6 || total
-------------------------+-------+-------++-------
Melee: Long sword        |   154 |    85 ||   239
  Use: Potion            |     4 |     1 ||     5
Armor: Scale mail        |    84 |    57 ||   141
       Skin              |     1 |       ||     1
Dodge: Dodged            |    52 |    36 ||    88
Block: Kite shield       |    81 |    55 ||   136
       Rpst.: Long sword |    12 |    13 ||    25

Table legend: (Time is in decaauts)
 A = Elapsed time spent in this place.
 B = Non-inter-level travel time spent in this place.
 C = Inter-level travel time spent in this place.
 D = Time resting spent in this place.
 E = Time spent auto-exploring this place.
 F = Levels seen in this place.
 G = Mean time per level.
                   A        B        C        D        E       F      G
               +--------+--------+--------+--------+--------+-----+--------+
         Total |   2632 |   2564 |     68 |     50 |   1808 |   4 |  658.0 |
       Dungeon |   2632 |   2564 |     68 |     50 |   1808 |   4 |  658.0 |
               +--------+--------+--------+--------+--------+-----+--------+

Top non-repeatable levels by time:
     D:2: 1008 daAuts
     D:3: 839 daAuts
     D:1: 727 daAuts
     D:4: 57 daAuts
